 Dungeon Crawl Stone Soup version 0.21-a0-94-gdd6ab6a (webtiles) character file.

2146 Banto the Spear-Bearer (level 9, 0/61 HPs)
             Began as a Demonspawn Skald on July 3, 2017.
             Was an Initiate of Kikubaaqudgha.
             Slain by Joseph
             ... wielding a +0 quarterstaff
              (9 damage)
             ... on level 7 of the Dungeon.
             The game lasted 00:09:55 (7096 turns).

Banto the Spear-Bearer (Demonspawn Skald)           Turns: 7096, Time: 00:09:55

Health: 0/61       AC:  4    Str: 11    XL:     9   Next: 9%
Magic:  0/12       EV: 14    Int: 19    God:    Kikubaaqudgha [......]
Gold:   352        SH:  4    Dex: 12    Spells: 3/12 levels left

rFire    . . .     SeeInvis .   i - +3 quarterstaff (chaos)
rCold    . . .     Gourm    .   (shield currently unavailable)
rNeg     . . .     Faith    .   b - +0 leather armour
rPois    .         Spirit   +   y - +1 hat
rElec    .         Reflect  .   f - +1 cloak
rCorr    .         Harm     .   p - +1 pair of gloves
MR       .....                  (no boots)
Stlth    ++........             (no amulet)
HPRegen  0.20/turn              (no ring)
MPRegen  0.26/turn              q - ring of stealth

@: infused, corroded
A: horns 1, large bone plates 1, magic shield, magic regeneration, rot immunity
a: Renounce Religion


You were on level 7 of the Dungeon.
You worshipped Kikubaaqudgha.
Kikubaaqudgha was noncommittal.
You were hungry.

You visited 2 branches of the dungeon, and saw 8 of its levels.

You collected 352 gold pieces.

Inventory:

Hand Weapons
 a - a +0 spear
 i - a +3 quarterstaff of chaos (weapon)
Armour
 b - a +0 leather armour (worn)
 f - a +1 cloak (worn)
 p - a +1 pair of gloves (worn)
 y - a +1 hat (worn)
 B - a +2 buckler
Jewellery
 m - an uncursed ring of fire
 q - a ring of stealth (right hand)
Wands
 v - a wand of confusion (24/48)
 x - a wand of digging (13/24)
Scrolls
 h - 7 scrolls of remove curse
 j - a scroll of recharging
 o - a scroll of blinking
 s - 2 scrolls of identify
 t - 2 scrolls of fear
 u - a scroll of amnesia
 w - 5 scrolls of teleportation
Potions
 c - 2 potions of magic
 e - 5 potions of curing
 g - a potion of might
 z - a potion of resistance
 A - a potion of invisibility
Books
 l - a book of Air

   Spells                             Type                      Level
   a - Shock                          Conjuration/Air              1
   b - Swiftness                      Charms/Air                   2
   c - Static Discharge               Conjuration/Air              3
   d - Airstrike                      Air                          4
   e - Lightning Bolt                 Conjuration/Air              5
Comestibles
 d - 5 bread rations
 k - 6 royal jellies
 n - 5 fruits
 r - 3 meat rations


   Skills:
 - Level 2.0 Fighting
 + Level 8.1 Polearms
 - Level 0.8 Armour
 + Level 6.5 Dodging
 - Level 2.0 Spellcasting
 - Level 5.1 Charms


You had 3 spell levels left.
You knew the following spells:

 Your Spells              Type           Power        Failure   Level  Hunger
a - Infusion              Chrm           ###.         2%          1    #......
b - Song of Slaying       Chrm           ###.....     4%          2    ###....
c - Spectral Weapon       Hex/Chrm       ##......     22%         3    ###....
d - Regeneration          Chrm/Necr      ##........   22%         3    ###....


Dungeon Overview and Level Annotations

Branches:
Dungeon (7/15)             Temple (1/1) D:6

Altars:
Ashenzari
Cheibriados
Dithmenos
Elyvilon
Fedhas
Gozag
Kikubaaqudgha
Makhleb
Nemelex Xobeh
Okawaru
Qazlal
Ru
Sif Muna
Trog
Uskayaw
Vehumet
Wu Jian
Yredelemnul
Zin
The Shining One

Shops:
D:6 }

Annotations:
D:6 Grinder
D:7 Joseph


Innate Abilities, Weirdness & Mutations

You have a pair of small horns on your head.
You are partially covered in large bone plates. (SH +4)
When hurt, damage is shared between your health and your magic reserves.
You regenerate magic rapidly.
You are immune to rotting.


Message History

You are feeling hungry.
You now have 6/12 mp.
You sock Joseph!
Joseph looks as sick as possible!
Joseph is heavily wounded.
Joseph hits you with an uncursed quarterstaff!
You take 10 damage, and have 34/61 hp.
You now have 4/12 mp.
You closely miss Joseph. You headbutt Joseph, but do no damage.
Joseph is heavily wounded.
Joseph zaps a wand.
The bolt of acid hits you! The acid corrodes you!
You are splashed with acid!
The acid burns!
* * * LOW HITPOINT WARNING * * *
The bolt of acid hits your spectral weapon.
Your spectral weapon is splashed with acid.
Your spectral weapon shares its damage with you! x2
Your spectral weapon fades away.
It is a wand of acid (?/15).
* * * LOW HITPOINT WARNING * * *
Joseph hits you with an uncursed quarterstaff!
You die...
Kikubaaqudgha rasps: "You have failed me!
Welcome... death!"

... #.# #.# #.# ##+##
#.## ##...## .#.##
##.....## ###.#
##.......## #
.#.####.........####....
................@@S.....
...####.........####...#
#.## ##.......## # ###
##.....## # ##.[.## #
##.## # #.# # # #


You could see Joseph and an adder.

Vanquished Creatures
  Sigmund (D:2)
  Edmund (D:6)
  Duvessa (D:6)
  3 ogres
  2 ice beasts
  4 centaurs
  A bullfrog (D:6)
  Blork the orc (D:6)
  A scorpion (D:5)
  Dowan (D:6)
  A jelly (D:7)
  3 crimson imps
  A centaur zombie (D:3)
  An orc wizard (D:3)
  2 hounds
  An orc priest (D:5)
  Crazy Yiuf (D:2)
  Jessica (D:2)
  An iguana (D:5)
  Terence (D:2)
  6 worker ants
  7 gnolls
  10 adders
  2 shadow imps
  3 oozes
  A worm (D:2)
  2 dart slugs
  4 leopard geckos
  9 orcs
  2 ball pythons
  8 bats
  5 giant cockroaches
  5 goblins
  10 hobgoblins
  7 jackals
  2 quokkas
  8 frilled lizards
  6 kobolds
  3 rats
129 creatures vanquished.

Vanquished Creatures (others)
  3 spectral weapons
3 creatures vanquished.

Grand Total: 132 creatures vanquished

Notes
Turn   | Place    | Note
-------+----------+-------------------------------------------
     0 | D:1      | Banto the Demonspawn Skald began the quest for the Orb.
     0 | D:1      | Reached XP level 1. HP: 16/16 MP: 3/3
    49 | D:1      | Reached skill level 2 in Polearms
   212 | D:1      | Gained mutation: When hurt, damage is shared between your health and your magic reserves. [demonic ancestry]
   212 | D:1      | Reached XP level 2. HP: 21/22 MP: 0/5
   795 | D:2      | Noticed Terence
   803 | D:1      | Gained mutation: You have a pair of small horns on your head. [demonic ancestry]
   803 | D:1      | Reached XP level 3. HP: 14/27 MP: 0/6
  1081 | D:2      | Learned a level 2 spell: Song of Slaying
  1085 | D:2      | Learned a level 3 spell: Spectral Weapon
  1123 | D:2      | Killed Terence
  1123 | D:2      | Reached skill level 3 in Polearms
  1143 | D:2      | Found a runed door.
  1175 | D:2      | Noticed Crazy Yiuf
  1180 | D:2      | Killed Crazy Yiuf
  1180 | D:2      | Reached XP level 4. HP: 21/33 MP: 2/7
  1702 | D:2      | Gained mutation: You are partially covered in large bone plates. (SH +4) [demonic ancestry]
  1702 | D:2      | Reached XP level 5. HP: 23/38 MP: 8/8
  1826 | D:2      | Noticed Jessica
  1835 | D:2      | Killed Jessica
  1957 | D:2      | Noticed Sigmund
  2078 | D:2      | Killed Sigmund
  2078 | D:2      | Reached skill level 4 in Polearms
  2078 | D:2      | Gained mutation: You regenerate magic rapidly. [demonic ancestry]
  2078 | D:2      | Reached XP level 6. HP: 40/44 MP: 2/9
  2107 | D:2      | Found a shattered altar of Ashenzari.
  2526 | D:3      | Learned a level 3 spell: Regeneration
  2594 | D:3      | Noticed an ice beast
  2601 | D:3      | Killed an ice beast
  2601 | D:3      | Reached skill level 5 in Polearms
  2601 | D:3      | Reached skill level 5 in Charms
  3005 | D:3      | Reached XP level 7. HP: 50/50 MP: 10/10
  3521 | D:4      | You fall through a shaft!
  3521 | D:5      | Entered Level 5 of the Dungeon
  4272 | D:4      | Reached skill level 6 in Polearms
  4395 | D:4      | Found a burning altar of Makhleb.
  4580 | D:4      | Found an ornate altar of the Wu Jian Council.
  4582 | D:4      | Found a blossoming altar of Fedhas.
  4841 | D:5      | Reached XP level 8. HP: 24/56 MP: 3/11
  5568 | D:6      | Noticed Edmund
  5586 | D:6      | Killed Edmund
  5586 | D:6      | Reached skill level 7 in Polearms
  5586 | D:6      | Reached skill level 5 in Dodging
  5681 | D:6      | Noticed a red ugly thing
  5830 | D:6      | Found a staircase to the Ecumenical Temple.
  5854 | Temple   | Entered the Ecumenical Temple
  6066 | Temple   | Became a worshipper of Kikubaaqudgha
  6094 | D:6      | Noticed Grinder
  6121 | D:6      | Noticed Dowan
  6123 | D:6      | Noticed Duvessa
  6158 | D:6      | Killed Dowan
  6203 | D:6      | Killed Duvessa
  6398 | D:6      | Found Tichuet's Gadget Shoppe.
  6495 | D:6      | Found a shadowy altar of Dithmenos.
  6495 | D:6      | Noticed Blork the orc
  6504 | D:6      | Killed Blork the orc
  6752 | D:7      | Gained mutation: You are immune to rotting. [demonic ancestry]
  6752 | D:7      | Reached XP level 9. HP: 42/61 MP: 5/12
  6893 | D:7      | Reached skill level 8 in Polearms
  7084 | D:7      | Noticed Joseph
  7096 | D:7      | Slain by Joseph

Vault maps used:
D:1:      lightli_arrival_chessboard
D:2:      marbit_many_paths, minmay_ruptured, uniq_crazy_yiuf_cottage,
          uniq_jessica, uniq_terence, uniq_sigmund
D:3:      first_bread
D:4:      nicolae_overflow_hidden_temple, nicolae_overflow_crystal_walls,
          minmay_misc_feat_tower
D:6:      lemuel_round_altar, minmay_temple_entry_overgrown, serial_shops, shop,
          uniq_edmund, uniq_blork_the_orc, uniq_grinder, uniq_duvessa
D:7:      the_bakery, uniq_joseph, uniq_pikel
Temple:   regret_index_temple_generic_petals

Skill      XL: |  1  2  3  4  5  6  7  8  9 |
---------------+----------------------------+-----
Polearms       | 2 3 4 5 6 7 8 |  8.1
Charms         | 3 4 5 |  5.1
Dodging        | 2 4 6 |  6.5
Fighting       | |  2.0
Armour         | |  0.8
Spellcasting   | |  2.0

Action                   |  1- 3 |  4- 6 |  7- 9 || total
-------------------------+-------+-------+-------++-------
Melee: Spear             |    94 |       |       ||    94
       Headbutt          |     3 |     6 |    28 ||    37
       Quarterstaff      |       |    89 |   200 ||   289
 Cast: Infusion          |     7 |    10 |    11 ||    28
       Spectral Weapon   |     2 |     4 |    13 ||    19
       Song of Slaying   |       |     1 |       ||     1
  Use: Scroll            |     8 |     3 |     5 ||    16
       Potion            |       |       |     1 ||     1
 Stab: Distracted        |       |     1 |       ||     1
       Sleeping          |       |       |     4 ||     4
       Paralysed         |       |       |     2 ||     2
  Eat: Chunk             |     1 |     7 |    15 ||    23
Armor: Leather armour    |    25 |    34 |    34 ||    93
Dodge: Dodged            |    40 |    51 |    89 ||   180
Block: Other             |       |     9 |    25 ||    34

Table legend:
 A = Turns spent in this place as a percentage of turns spent in the entire game.
 B = Non-inter-level travel turns spent in this place as a percentage of non-inter-level travel turns spent in the entire game.
 C = Inter-level travel turns spent in this place as a percentage of turns spent in this place.
 D = Turns resting spent in this place as a percentage of non-inter-level travel turns spent in this place.
 E = Turns spent auto-exploring this place as a percentage of non-inter-level travel turns spent in this place.
 F = Non-inter-level travel turns spent in this place divided by the number of levels of this place that you've seen.
                   A       B       C       D       E      F
               +-------+-------+-------+-------+-------+----------------------
         Total | 100.0 | 100.0 |   0.8 |   6.0 |  11.9 | 206.9
       Dungeon |  98.9 |  99.0 |   0.7 |   6.1 |  11.2 | 234.0
        Temple |   1.1 |   1.0 |  10.5 |   0.0 |  82.4 |  17.0
               +-------+-------+-------+-------+-------+----------------------

Table legend:
 A = Kills in this place as a percentage of kills in entire the game.
 B = Kills by you in this place as a percentage of kills by you in the entire game.
 C = Kills by friends in this place as a percentage of kills by friends in the entire game.
 D = Other kills in this place as a percentage of other kills in the entire game.
 E = Experience gained in this place as a percentage of experience gained in the entire game.
 F = Experience gained in this place divided by the number of levels of this place that you have seen.
                   A       B       C       D       E      F
               +-------+-------+-------+-------+-------+----------------------
         Total | 100.0 | 100.0 |  -nan |  -nan | 100.0 | 383.2
       Dungeon | 100.0 | 100.0 |  -nan |  -nan | 100.0 | 438.0
               +-------+-------+-------+-------+-------+----------------------
